 Dungeon Crawl Stone Soup version 0.30-a0-141-g30f27751c5 (webtiles) character file.

Game seed: 15723664823883056962

119 Dreamer the Shield-Bearer (level 5, 0/42 HPs)
             Began as a Formicid Fighter on Sept 25, 2022.
             Slain by an orc priest
             ... wielding a +0 short sword
              (1 damage)
             ... on level 3 of the Dungeon.
             The game lasted 00:04:29 (2353 turns).

Dreamer the Shield-Bearer (Formicid Fighter)        Turns: 2353, Time: 00:04:30

Health: 0/42       AC:  9    Str: 22    XL:     5   Next: 23%
Magic:  5/5        EV: 10    Int:  8    God:
Gold:   89         SH:  5    Dex: 13    Spells: 4/4 levels left

rFire   . . .      SeeInvis +    a - +0 flail
rCold   . . .      Faith    .    c - +0 buckler
rNeg    . . .      Spirit   .    b - +0 scale mail
rPois   .          Reflect  .    (helmet unavailable)
rElec   .          Harm     .    (no cloak)
rCorr   .          Rampage  .    k - +0 pair of gloves
Will    .....                    l - +0 pair of boots
Stlth   ..........               (no amulet)
HPRegen 0.14/turn                (no ring)
MPRegen 0.09/turn                (no ring)

@: no status effects
A: permanent stasis, dig shafts and tunnels, antennae 3, four strong arms
a: Dig, Shaft Self


You were on level 3 of the Dungeon.
You visited 1 branch of the dungeon, and saw 3 of its levels.

You collected 89 gold pieces.

Inventory:

Hand Weapons
 a - a +0 flail (weapon)
Missiles
 j - 12 stones
Armour
 b - a +0 scale mail (worn)
 c - a +0 buckler (worn)
 k - a +0 pair of gloves (worn)
 l - a +0 pair of boots (worn)
Jewellery
 g - an amulet of faith
Wands
 q - a wand of flame (11)
Scrolls
 f - 2 scrolls of noise {unknown}
 i - a scroll of blinking {unknown}
 m - a scroll of silence {unknown}
 n - a scroll of identify {unknown}
 o - a scroll of vulnerability {unknown}
 r - a scroll of fear {unknown}
 u - a scroll of immolation {unknown}
 x - a scroll of amnesia {unknown}
Potions
 d - a potion of might
 e - 2 potions of haste {unknown}
 h - a potion of attraction {unknown}
 p - a potion of curing {unknown}
 s - a potion of invisibility {unknown}
 t - a potion of cancellation {unknown}
 v - a potion of lignification {unknown}
 w - 3 potions of mutation {unknown}


   Skills:
 + Level 3.8 Fighting
 * Level 3.2 Maces & Flails
 + Level 4.0 Armour
 + Level 1.3 Dodging
 + Level 4.8 Shields


You had 4 spell levels left.
You didn't know any spells.
Your spell library contained the following spells:

 Spells                   Type           Power      Damage    Failure   Level
 Kindle Blastsparks       Fire/Tloc/Air  0%         2d10      99%         3
 Fulminant Prism          Conj/Hex       0%         3d6       100%        4
 Iskenderun's Mystic Bla  Conj/Tloc      0%         2d3       100%        4
 Lee's Rapid Deconstruct  Erth           0%         3d5*      100%        5


Dungeon Overview and Level Annotations

Branches:
Dungeon (3/15)

Altars:
Dithmenos
Elyvilon

Shops:
D:1 [

Annotations:
D:2 1 runed translucent door, exclusion: door, Crazy Yiuf


Innate Abilities, Weirdness & Mutations

You cannot be hasted, slowed, berserked, paralysed or teleported.
You can dig through walls and to a lower floor.
You have a pair of large antennae on your head. (SInv)
Your four strong arms can wield two-handed weapons with a shield.


Message History

You hit the orc but do no damage. The orc hits you with a +0 falchion.
You hit the orc.
The orc is severely wounded.
The orc barely misses you.
You barely miss the orc.
The orc is severely wounded.
You block the orc's attack.
You sock the orc!
You kill the orc!
The orc hits you but does no damage.
You closely miss the orc. You block the orc's attack.
You hit the orc.
The orc is heavily wounded.
The orc hits you but does no damage.
You hit the orc.
The orc is almost dead.
The orc hits you with a +0 hand axe.
You sock the orc!
You kill the orc!
The orc priest calls down the wrath of Beogh upon you.
Pain shoots through your body!
* * * LOW HITPOINT WARNING * * *
You barely miss the orc priest. You block the orc priest's attack.
You sock the orc priest!
The orc priest is severely wounded.
You block the orc priest's attack.
You hit the orc priest.
The orc priest is almost dead.
The orc priest invokes the aid of Beogh against you.
Pain shoots through your body!
* * * LOW HITPOINT WARNING * * *
The orc priest hits you but does no damage.
You closely miss the orc priest.
The orc priest is almost dead.
The orc priest hits you with a +0 short sword.
* * * LOW HITPOINT WARNING * * *
You completely miss the orc priest.
The orc priest is almost dead.
The orc priest hits you with a +0 short sword.
You die...

#.######........
#...........####
#..#####.#.##
#.#.# #.#.# #...#
#..##
###..########.#
#......o@.....#
.....#..##########
#.####..####### #
#.........
#.#.####... ....o#
#g#.#.. .......#
#.#.# #.#


You could see an orc priest.

Vanquished Creatures
  Jessica (D:2)
  An adder (D:2)
  4 worms (D:2)
  2 dart slugs (D:2)
  3 orcs (D:3)
  5 ball pythons
  6 endoplasms
  3 giant cockroaches
  5 goblins
  10 hobgoblins
  2 jackals (D:1)
  3 kobolds
  2 quokkas
  7 bats
  4 frilled lizards
  6 rats
64 creatures vanquished.

Notes
Turn   | Place    | Note
-------+----------+-------------------------------------------
     0 | D:1      | Dreamer the Formicid Fighter began the quest for the Orb.
     0 | D:1      | Reached XP level 1. HP: 18/18 MP: 1/1
   181 | D:1      | Reached XP level 2. HP: 19/24 MP: 2/2
   609 | D:1      | Reached XP level 3. HP: 29/29 MP: 3/3
   615 | D:1      | Found Asigex's Antique Armour Shop.
  1324 | D:2      | Reached skill level 1 in Dodging
  1324 | D:2      | Reached XP level 4. HP: 27/35 MP: 4/4
  1450 | D:2      | Noticed Jessica
  1453 | D:2      | Killed Jessica
  1833 | D:2      | Reached XP level 5. HP: 35/42 MP: 5/5
  1894 | D:2      | Found a runed translucent door.
  1895 | D:2      | Noticed Crazy Yiuf
  2064 | D:2      | Found a shadowy altar of Dithmenos.
  2182 | D:3      | Found a white marble altar of Elyvilon.
  2351 | D:3      | HP: 2/42 [orc priest/nerve-wracking pain (2)]
  2353 | D:3      | Slain by an orc priest

Illustrated notes

Levels and vault maps discovered:
D:1:      moated_graveyard_arrival, layout_loops_ring, serial_shops,
          nicolae_square_shop
D:2:      layout_loops_cross, basic_altar, uniq_jessica, uniq_crazy_yiuf_cottage
D:3:      layout_loops_ring, mainiacjoe_overflow_catwalk,
          mainiacjoe_overflow_boulevard, minmay_hedge_maze, grunt_ministairs_7,
          st_stairs_10, minmay_ogre_servants

Skill      XL: |  1  2  3  4  5 |
---------------+----------------+-----
Dodging        | 1 |  1.3
Maces & Flails | 3 |  3.2
Armour         | 4 |  4.0
Fighting       | |  3.8
Shields        | |  4.8

Action                   |  1- 3 |  4- 6 || total
-------------------------+-------+-------++-------
Melee: Flail             |   129 |    73 ||   202
Armor: Scale mail        |    53 |    20 ||    73
Dodge: Dodged            |    54 |    19 ||    73
Block: Buckler           |    39 |    14 ||    53

Table legend: (Time is in decaauts)
 A = Elapsed time spent in this place.
 B = Non-inter-level travel time spent in this place.
 C = Inter-level travel time spent in this place.
 D = Time resting spent in this place.
 E = Time spent auto-exploring this place.
 F = Levels seen in this place.
 G = Mean time per level.
                   A        B        C        D        E       F      G
               +--------+--------+--------+--------+--------+-----+--------+
         Total |   2417 |   2352 |     65 |    186 |   1484 |   3 |  805.7 |
       Dungeon |   2417 |   2352 |     65 |    186 |   1484 |   3 |  805.7 |
               +--------+--------+--------+--------+--------+-----+--------+

Top non-repeatable levels by time:
     D:1: 1123 daAuts
     D:2: 1114 daAuts
     D:3: 180 daAuts
